 Dungeon Crawl Stone Soup version 0.17-a0-2220-g6fea741 (webtiles) character file.

109 SlimeFever the Twirler (level 4, -4/34 HPs)
             Began as a Demonspawn Gladiator on Oct 28, 2015.
             Was a Follower of Makhleb.
             Killed from afar by an orc wizard (9 damage)
             ... with a puff of flame
             ... on level 3 of the Dungeon.
             The game lasted 00:13:25 (1526 turns).

SlimeFever the Twirler (Demonspawn Gladiator)       Turns: 1526, Time: 00:13:27

Health: -4/34      AC:  9    Str: 15    XL:     4   Next: 59%
Magic:  4/4        EV: 13    Int:  9    God:    Makhleb [*.....]
Gold:   88         SH:  0    Dex: 15    Spells: 0 memorised, 3 levels left

rFire  . . .     SeeInvis .     a - +0 quarterstaff
rCold  . . .     Clarity  .     b - +0 leather armour
rNeg   . . .     SustAt   .     (no shield)
rPois  .         Gourm    .     c - +1 helmet
rElec  .         Spirit   .     h - +0 cloak
rCorr  .         Warding  .     (no gloves)
rMut   .         Stasis   .     (no boots)
MR     .....                    (no amulet)
Stlth  +.........               (no ring)
                                p - +3 ring of protection

@: not resistant to hostile enchantments, very unstealthy
A: talons 1, foul stench 1, rot immunity
a: Renounce Religion


You were on level 3 of the Dungeon.
You worshipped Makhleb.
Makhleb was aware of your devotion.
You were not hungry.

You visited 1 branch of the dungeon, and saw 3 of its levels.

You collected 88 gold pieces.

Inventory:

Hand Weapons
 a - a +0 quarterstaff (weapon)
Missiles
 d - a throwing net (quivered)
 i - 8 poisoned needles
 o - 7 tomahawks
 t - 20 sling bullets
Armour
 b - a +0 leather armour (worn)
 c - a +1 helmet (worn)
 h - a +0 cloak (worn)
Jewellery
 p - a +3 ring of protection (left hand)
Scrolls
 g - a scroll of identify
 k - a scroll of teleportation
 l - a scroll of random uselessness
 q - a scroll of remove curse {unknown}
Potions
 f - a potion of cancellation
 j - a potion of heal wounds
 m - 2 potions of agility {unknown}
 n - a potion of curing {unknown}
 s - a potion of lignification {unknown}
Comestibles
 e - 2 bread rations
 r - a slice of pizza


   Skills:
 + Level 2.4 Fighting
 * Level 3.6 Staves
 + Level 1.8 Throwing
 + Level 1.0 Armour
 + Level 3.4 Dodging
 + Level 0.8 Stealth


You had 3 spell levels left.
You didn't know any spells.

Dungeon Overview and Level Annotations

Branches:
Dungeon (3/15)

Altars:
Cheibriados
Makhleb
Zin


Innate Abilities, Weirdness & Mutations

You have sharp toenails.
You may emit foul miasma when damaged in melee.
You are immune to rotting.


Message History

The giant newt bites you but does no damage.
The orc hits you but does no damage. The orc closely misses you.
You hit the orc but do no damage. You claw the orc, but do no damage.
Something hits you but does no damage. The orc closely misses you.
The giant newt barely misses you. The orc hits you with a flail!
* * * LOW HITPOINT WARNING * * *
The orc hits you but does no damage.
The orc looks sick.
You hit the orc.
The orc is moderately wounded.
Something hits you but does no damage. The orc hits you but does no damage.
The giant newt barely misses you. The orc hits you but does no damage.
The orc hits you with a flail.
* * * LOW HITPOINT WARNING * * *
You thump the orc!
You kill the orc!
Makhleb accepts your kill.
You hear some strange, mumbled words.
A puff of flame appears from out of thin air!
The puff of flame hits you!
You die...

############.........
########.........
#######................
#......................
##......................
#...............#..#.###
#...............#..#.#
#.....o)........#..#.#
#......@).......#..#.#
#.....o)l)#####.#,.#,*
#......o..# #.#,,*,*
#.........# #[#,,*,*
#.........# #.#,,*,*
******#.........#
#.#,,*,*
*,,,,,..........#
#.#,,*,*
*,****#.........#
#.#,,*,* *,*
**,,,,<,,,,* #.#,,*,*


You could see 3 orcs and a giant newt.

Vanquished Creatures
  Jessica (D:3)
  Terence (D:3)
  2 adders (D:2)
  6 orcs (D:3)
  3 giant cockroaches
  3 hobgoblins
  2 jackals (D:1)
  A ball python (D:1)
  4 bats
  A giant gecko (D:2)
  4 goblins (D:2)
  5 kobolds
  4 rats (D:2)
37 creatures vanquished.

Notes
Turn   | Place    | Note
--------------------------------------------------------------
     0 | D:1      | SlimeFever the Demonspawn Gladiator began the quest for the Orb.
     0 | D:1      | Reached XP level 1. HP: 16/16 MP: 1/1
     2 | D:1      | Noticed a ghoul
     2 | D:1      | Noticed a dwarf
     4 | D:1      | Noticed a merfolk
     6 | D:1      | Noticed a draconian
     6 | D:1      | Noticed an elf
    10 | D:1      | Noticed a centaur
    10 | D:1      | Noticed a naga
    12 | D:1      | Noticed a minotaur
    12 | D:1      | Noticed a gargoyle
    14 | D:1      | Noticed an ogre
    14 | D:1      | Noticed an octopode
    16 | D:1      | Noticed a vampire
    16 | D:1      | Noticed a formicid
    18 | D:1      | Noticed a demigod
    20 | D:1      | Noticed a felid
    20 | D:1      | Noticed a tengu
    26 | D:1      | Noticed a vine stalker
    28 | D:1      | Noticed a demonspawn
    28 | D:1      | Noticed a spriggan
    30 | D:1      | Noticed a human
    30 | D:1      | Noticed a troll
   543 | D:1      | Reached skill level 3 in Staves
   552 | D:1      | Gained mutation: You have sharp toenails. [demonic ancestry]
   552 | D:1      | Reached XP level 2. HP: 20/22 MP: 2/2
   686 | D:2      | Found a glowing silver altar of Zin.
   726 | D:2      | HP: 1/22 [poisoned by an adder]
   758 | D:2      | Gained mutation: You are immune to rotting. [demonic ancestry]
   758 | D:2      | Reached XP level 3. HP: 18/27 MP: 3/3
   774 | D:2      | Found a burning altar of Makhleb.
   804 | D:2      | Became a worshipper of Makhleb the Destroyer
  1267 | D:2      | Found a snail-covered altar of Cheibriados.
  1344 | D:3      | Noticed Terence
  1365 | D:3      | Killed Terence
  1365 | D:3      | Reached skill level 1 in Armour
  1403 | D:3      | Gained mutation: You may emit foul miasma when damaged in melee. [demonic ancestry]
  1403 | D:3      | Reached XP level 4. HP: 34/34 MP: 4/4
  1474 | D:3      | Noticed Jessica
  1480 | D:3      | Killed Jessica
  1507 | D:3      | Reached * piety under Makhleb
  1526 | D:3      | Killed from afar by an orc wizard

Vault maps used:
D:1:      kb_arrival_jail, minmay_misc_feat_chi, minmay_shallow_snake_nest
D:2:      lemuel_crystal_altar, marbit_many_paths, first_bread, bloody_makhleb
D:3:      lemuel_doored_altar, uniq_natasha, uniq_jessica, uniq_terence

Action                   |  1- 3 |  4- 6 || total
-------------------------+-------+-------++-------
Melee: Quarterstaff      |   113 |    24 ||   137
Throw: Throwing net      |     3 |       ||     3
  Use: Scroll            |     6 |       ||     6
       Potion            |     1 |       ||     1
 Stab: Held in net/web   |     3 |       ||     3
       Sleeping          |       |     1 ||     1
  Eat: Bread ration      |     1 |       ||     1
